 Dungeon Crawl Stone Soup version 0.23.1-37-gaa34b87 (webtiles) character file.

Game seed: 11012410976973734204

933 Irenicus the Geomancer (level 7, -2/62 HPs)
             Began as a Deep Dwarf Earth Elementalist on Mar 23, 2019.
             Slain by a gnoll
             ... wielding a +0 whip
              (7 damage)
             ... on level 3 of the Dungeon.
             The game lasted 00:15:26 (2102 turns).

Irenicus the Geomancer (DDEE)                       Turns: 2102, Time: 00:15:27

Health: -2/62      AC:  9    Str: 10 (11) XL:     7   Next: 86%
Magic:  8/8        EV: 12    Int: 17 (18) God:
Gold:   201        SH:  0    Dex: 11 (13) Spells: 4/10 levels left

rFire    + . .     SeeInvis .   b - +1 hand axe (vamp) {!w}
rCold    . . .     Gourm    .   (no shield)
rNeg     + . .     Faith    .   p - +0 leather armour
rPois    .         Spirit   .   (no helmet)
rElec    .         Reflect  .   c - +0 cloak
rCorr    .         Harm     .   a - +2 pair of gloves
MR       +....                  s - +1 pair of boots
Stlth    ++........             (no amulet)
HPRegen  0.00/turn              w - ring of positive energy {rN+}
MPRegen  0.11/turn              o - ring of protection from fire {rF+, !d}

@: non-regenerating
A: damage resistance, heal wounds, sense surroundings 1, no regeneration
a: Heal Wounds


You were on level 3 of the Dungeon.
You were not hungry.

You visited 1 branch of the dungeon, and saw 4 of its levels.

You collected 201 gold pieces.

Inventory:

Hand Weapons
 b - a +1 vampiric hand axe (weapon) {!w}
   (You took it off Terence on level 3 of the Dungeon)
 e - a +0 dagger
   (You found it on level 1 of the Dungeon)
Armour
 a - a +2 pair of gloves (worn)
   (You found it on level 1 of the Dungeon)
 c - a +0 cloak (worn)
   (You took it off Crazy Yiuf on level 3 of the Dungeon)
 l - a +2 scale mail of poison resistance
   (You took it off Terence on level 3 of the Dungeon)
 p - a +0 leather armour (worn)
   (You took it off an orc on level 3 of the Dungeon)
 s - a +1 pair of boots (worn)
   (You found it on level 4 of the Dungeon)
Jewellery
 h - an uncursed ring of see invisible {sInv, !d}
   (You found it on level 1 of the Dungeon)
 k - an uncursed ring of fire {rF+, rC-}
   (You found it on level 3 of the Dungeon)
 n - an uncursed ring of flight {+Fly, !d}
   (You found it on level 2 of the Dungeon)
 o - a ring of protection from fire (right hand) {rF+, !d}
   (You found it on level 3 of the Dungeon)
 w - a ring of positive energy (left hand) {rN+}
   (You found it on level 3 of the Dungeon)
Scrolls
 f - a scroll of fear {unknown}
 g - 6 scrolls of teleportation
 i - 5 scrolls of identify
 m - 2 scrolls of remove curse {unknown}
 q - a scroll of amnesia {unknown}
Potions
 t - a potion of curing
Comestibles
 d - 7 rations


   Skills:
 * Level 3.2 Fighting
 - Level 2.7 Short Blades
 + Level 2.6 Axes
 - Level 2.1 Dodging
 - Level 4.2 Stealth
 - Level 2.2 Spellcasting
 - Level 0.8 Transmutations
 - Level 9.0 Earth Magic


You had 4 spell levels left.
You knew the following spells:

 Your Spells              Type           Power        Failure   Level  Hunger
a - Sandblast             Erth           ####..       1%          1    #......
w - Passwall              Tmut/Erth      ###.....     4%          2    ###....
x - Stone Arrow           Conj/Erth      ###...       12%         3    ###....

Your spell library contained the following spells:

 Spells                   Type           Power        Failure   Level  Hunger
 Petrify                  Tmut/Erth      ###.....     32%         4    #####..
 Lee's Rapid Deconstruct  Erth           ####......   17%         5    ######.


Dungeon Overview and Level Annotations

Branches:
Dungeon (4/15)
 Temple: D:4-7

Altars:
Cheibriados
Uskayaw


Innate Abilities, Weirdness & Mutations

You are resistant to damage.
You can heal yourself by infusing magical energy.
You passively map a small area around you.
You do not regenerate.


Message History

The gnoll sergeant hits you with a +0 spear.
* * * LOW HITPOINT WARNING * * *
The gnoll sergeant barely misses you. The gnoll hits you but does no damage.
You take 1 damage, and have 17/61 hp.
You hit the gnoll sergeant.
You feel better.
You closely miss the gnoll.
The gnoll sergeant hits you but does no damage.
The gnoll closely misses you.
You regained 3 hp, and now have 20/61 hp.
The gnoll sergeant blocks your attack.
You barely miss the gnoll.
The gnoll sergeant hits you with a +0 spear!
* * * LOW HITPOINT WARNING * * *
The gnoll hits you with a +0 whip.
You take 5 damage, and have 15/61 hp.
You hit the gnoll.
You hit the gnoll sergeant but do no damage.
The gnoll sergeant closely misses you. The gnoll misses you.
You barely miss the gnoll.
Your leather armour prevents you from hitting the gnoll sergeant.
The gnoll sergeant misses you. The gnoll hits you but does no damage.
You hit the gnoll.
You hit the gnoll sergeant but do no damage.
The gnoll hits you with a +0 whip. The gnoll sergeant barely misses you.
The gnoll closely misses you. The gnoll sergeant closely misses you.
You hit the gnoll.
You kill the gnoll!
You hit the gnoll sergeant.
You feel better. The gnoll sergeant closely misses you.
You barely miss the gnoll sergeant. The gnoll sergeant misses you.
You hit the gnoll sergeant but do no damage.
The gnoll sergeant hits you but does no damage.
You hit the gnoll sergeant but do no damage.
The gnoll sergeant barely misses you.
You hit the gnoll sergeant.
You kill the gnoll sergeant!
Your Fighting skill increases to level 3!
Things that are here:
a +0 spear; a +0 ring mail; a +0 buckler As you open the door, it creaks loudly!
Things that are here:
a +0 club; a gnoll corpse
There is a large open door here.
There is a large open door here.
Things that are here:
a +0 club; a gnoll corpse
Things that are here:
a +0 spear; a +0 ring mail; a +0 buckler
There is an open door here.
A gnoll comes into view. It is wielding a +0 spear.
There is an open door here.
A jackal and a gnoll come into view.
The gnoll shouts!
The jackal barks!
The gnoll shouts!
You hit the gnoll but do no damage.
You hear a shout!
The gnoll barely misses you.
You hit the gnoll but do no damage. The gnoll hits you but does no damage.
A gnoll comes into view. It is wielding a +0 club.
The gnoll closely misses you.
You barely miss the gnoll. The gnoll hits you with a +0 spear.
You hit the gnoll.
You feel better.
You hit the gnoll.
The gnoll hits you but does no damage. x2
You slash the gnoll!
You feel better.
You hit the gnoll. The gnoll hits you with a +0 spear!
* * * LOW HITPOINT WARNING * * *
The gnoll hits you but does no damage.
You take 2 damage, and have 15/62 hp.
You hit the gnoll. You closely miss the gnoll. You barely miss the gnoll.
The gnoll hits you with a +0 spear!
* * * LOW HITPOINT WARNING * * *
The gnoll misses you. The gnoll completely misses you.
You take 7 damage, and have 8/62 hp.
You closely miss the gnoll. x2; You hit the jackal.
You hit the gnoll.
The jackal bites you but does no damage.
The gnoll hits you with a +0 spear.
* * * LOW HITPOINT WARNING * * *
The gnoll closely misses you. The gnoll misses you.
The jackal bites you but does no damage.
The gnoll misses you.
You take 1 damage, and have 7/62 hp.
You barely miss the gnoll. You hit the gnoll.
You feel better.
You barely miss the jackal. You hit the gnoll.
The gnoll hits you but does no damage. The jackal closely misses you.
The gnoll closely misses you. x2; The gnoll barely misses you.
You closely miss the gnoll. You barely miss the gnoll. You hit the jackal.
You feel better.
You closely miss the gnoll. The jackal completely misses you.
The gnoll hits you with a +0 club.
* * * LOW HITPOINT WARNING * * *
The jackal barely misses you. The gnoll barely misses you.
The gnoll hits you with a +0 whip.
You take 3 damage, and have 5/62 hp.
You hit the gnoll.
You kill the gnoll!
You hit the gnoll but do no damage. You hit the jackal.
You hit the gnoll but do no damage. The jackal barely misses you.
The gnoll hits you but does no damage. The gnoll barely misses you.
The jackal misses you.
You barely miss the gnoll. You closely miss the jackal.
You hit the gnoll but do no damage. The jackal barely misses you.
The gnoll hits you but does no damage. The gnoll hits you with a +0 whip!
You die...

###############.#######......####
., ,, ....................... ≈ ≈
≈≈≈≈≈≈....≈≈≈≈≈≈≈≈≈≈≈≈≈≈≈ ≈ ≈
≈≈≈≈≈≈....≈≈≈≈≈≈≈≈≈≈≈≈≈≈≈ ##≈ ≈ ≈
≈≈≈≈....≈≈≈≈≈≈≈≈≈≈≈≈### .# , ,
..................# .
.#############''''#*###########
'#...#.......#.hg.# ,,
...#.#.......#..@)#.. , , ,
.#...#.......'...g'.....
.#####'#################
.....#.......#., , ,, *,
.....#......... ≈,, ,
.##''#......... , ,, ,
.#..)).......#. , ,
.#))†)######## * *
'#).).'....#,.. * ,


You could see 2 gnolls and a jackal.

Vanquished Creatures
  Grinder (D:3)
  A phantom (D:4)
  A gnoll sergeant (D:3)
  A hound (D:3)
  Crazy Yiuf (D:3)
  3 gnoll shamans (D:3)
  Terence (D:3)
  A worker ant (D:4)
  A hound skeleton (D:4)
  5 adders
  22 gnolls
  2 oozes
  2 worms
  A dart slug (D:1)
  3 leopard geckos
  7 orcs
  4 giant cockroaches
  7 goblins
  7 hobgoblins
  22 jackals
  2 ball pythons
  9 bats
  7 frilled lizards
  8 kobolds
  6 rats
125 creatures vanquished.

Notes
Turn   | Place    | Note
-------+----------+-------------------------------------------
     0 | D:1      | Irenicus the Deep Dwarf Earth Elementalist began the quest
                  | for the Orb.
     0 | D:1      | Reached XP level 1. HP: 15/15 MP: 3/3
    62 | D:1      | Reached skill level 2 in Spellcasting
   110 | D:1      | Reached XP level 2. HP: 13/22 MP: 0/5
   162 | D:1      | HP: 4/22 [jackal (2)]
   214 | D:1      | Reached skill level 1 in Short Blades
   284 | D:1      | Reached XP level 3. HP: 25/28 MP: 1/6
   315 | D:1      | Learned a level 2 spell: Passwall
   439 | D:2      | Reached skill level 5 in Earth Magic
   572 | D:2      | Found a snail-covered altar of Cheibriados.
   753 | D:2      | Reached XP level 4. HP: 30/36 MP: 2/7
   755 | D:2      | Reached skill level 6 in Earth Magic
  1136 | D:3      | Found a runed translucent door.
  1137 | D:3      | Noticed Crazy Yiuf
  1143 | D:3      | Killed Crazy Yiuf
  1143 | D:3      | Reached skill level 7 in Earth Magic
  1143 | D:3      | Reached XP level 5. HP: 35/42 MP: 3/8
  1224 | D:3      | Noticed Grinder
  1270 | D:3      | Paralysed by Grinder for 2 turns
  1274 | D:3      | Killed Grinder
  1274 | D:3      | Reached skill level 9 in Earth Magic
  1274 | D:3      | Reached XP level 6. HP: 44/49 MP: 0/9
  1368 | D:3      | Noticed Terence
  1390 | D:4      | Reached skill level 2 in Short Blades
  1390 | D:4      | Reached skill level 3 in Stealth
  1402 | D:4      | Found a hide-covered altar of Uskayaw.
  1431 | D:4      | Reached XP level 7. HP: 45/55 MP: 4/10
  1483 | D:4      | Learned a level 3 spell: Stone Arrow
  1658 | D:4      | Reached skill level 4 in Stealth
  1733 | D:3      | Killed Terence
  1946 | D:3      | HP: 7/56 [gnoll/+0 halberd (9)]
  1947 | D:3      | Reached skill level 1 in Fighting
  1954 | D:3      | HP: 14/57 [gnoll/cursed +0 halberd (12)]
  1959 | D:3      | HP: 13/57 [gnoll/+0 flail (3)]
  1965 | D:3      | HP: 4/57 [gnoll/+0 halberd of venom (5)]
  1973 | D:3      | Reached skill level 1 in Axes
  1996 | D:3      | HP: 13/57 [gnoll shaman/+0 whip (7)]
  1997 | D:3      | HP: 6/57 [gnoll shaman/+0 club (3)]
  2002 | D:3      | HP: 14/57 [gnoll/+0 spear (3)]
  2005 | D:3      | Reached skill level 2 in Fighting
  2022 | D:3      | HP: 14/61 [gnoll sergeant/+0 spear (7)]
  2028 | D:3      | Reached skill level 2 in Axes
  2033 | D:3      | HP: 15/61 [gnoll sergeant/+0 spear (4)]
  2039 | D:3      | HP: 14/61 [gnoll sergeant/+0 spear (8)]
  2046 | D:3      | HP: 15/61 [gnoll sergeant/+0 spear (5)]
  2054 | D:3      | Reached skill level 3 in Fighting
  2096 | D:3      | HP: 15/62 [gnoll/+0 spear (7)]
  2098 | D:3      | HP: 7/62 [gnoll/+0 spear (1)]
  2102 | D:3      | Slain by a gnoll

Skill      XL: |  1  2  3  4  5  6  7 |
---------------+----------------------+-----
Spellcasting   | 2 |  2.2
Short Blades   | 1 2 |  2.7
Earth Magic    | 5 7 9 |  9.0
Stealth        | 3 4 |  4.2
Fighting       | 3 |  3.2
Axes           | 2 |  2.6
Dodging        | |  2.1
Transmutations | |  0.8

Action                   |  1- 3 |  4- 6 |  7- 9 || total
-------------------------+-------+-------+-------++-------
Melee: Dagger            |    66 |    46 |    59 ||   171
       Unarmed           |    10 |       |       ||    10
       Club              |     3 |       |       ||     3
       Hand axe          |       |       |   154 ||   154
Throw: Stone             |       |       |     1 ||     1
       Throwing net      |       |       |     1 ||     1
 Cast: Sandblast         |    38 |    47 |     8 ||    93
       Passwall          |     5 |     9 |     4 ||    18
       Stone Arrow       |       |       |     7 ||     7
 Abil: Heal Wounds       |     1 |       |     3 ||     4
  Use: Potion            |       |     3 |     4 ||     7
       Scroll            |       |     2 |       ||     2
 Stab: Sleeping          |     5 |     2 |     1 ||     8
       Invisible         |       |       |     4 ||     4
       Held in net/web   |       |       |     1 ||     1
  Eat: Chunk             |       |     1 |     1 ||     2
       Ration            |       |     1 |     2 ||     3
Armor: Robe              |    46 |     9 |       ||    55
       Leather armour    |       |    24 |   133 ||   157
Dodge: Dodged            |   107 |    56 |   376 ||   539

Levels and vault maps discovered:
D:1:      dpeg_arrival_stonehenge_8_columns, layout_basic
D:2:      layout_basic, overflow_temple_1_default, minmay_misc_feat_five
D:3:      lemuel_castle_with_subvaults [lemuel_castle_interior_carwin_3],
          layout_basic, uniq_grinder, uniq_crazy_yiuf_cottage, uniq_terence
D:4:      layout_rooms, old_standard_altar, first_ration

Table legend:
 A = Turns spent in this place as a percentage of turns spent in the entire game.
 B = Non-inter-level travel turns spent in this place as a percentage of non-inter-level travel turns spent in the entire game.
 C = Inter-level travel turns spent in this place as a percentage of turns spent in this place.
 D = Turns resting spent in this place as a percentage of non-inter-level travel turns spent in this place.
 E = Turns spent auto-exploring this place as a percentage of non-inter-level travel turns spent in this place.
 F = Non-inter-level travel turns spent in this place divided by the number of levels of this place that you've seen.
                   A       B       C       D       E      F
               +-------+-------+-------+-------+-------+----------------------
         Total | 100.0 | 100.0 |   0.0 |   0.0 |   0.0 | 525.5
       Dungeon | 100.0 | 100.0 |   0.0 |   0.0 |   0.0 | 525.5
               +-------+-------+-------+-------+-------+----------------------

Table legend:
 A = Kills in this place as a percentage of kills in entire the game.
 B = Kills by you in this place as a percentage of kills by you in the entire game.
 C = Kills by friends in this place as a percentage of kills by friends in the entire game.
 D = Other kills in this place as a percentage of other kills in the entire game.
 E = Experience gained in this place as a percentage of experience gained in the entire game.
 F = Experience gained in this place divided by the number of levels of this place that you have seen.
                   A       B       C       D       E      F
               +-------+-------+-------+-------+-------+----------------------
         Total | 100.0 | 100.0 |   N/A |   N/A | 100.0 | 333.5
       Dungeon | 100.0 | 100.0 |   N/A |   N/A | 100.0 | 333.5
               +-------+-------+-------+-------+-------+----------------------
